 Dungeon Crawl Stone Soup version 0.26-a0-639-g72c4674 (webtiles) character file.

Game seed: 2457828829163719069

86 Nubsawce the Skirmisher (level 4, 0/35 HPs)
             Began as a Demonspawn Fighter on Sept 21, 2020.
             Slain by a quokka (2 damage)
             ... on level 2 of the Dungeon.
             The game lasted 00:03:23 (1290 turns).

Nubsawce the Skirmisher (Demonspawn Fighter)        Turns: 1290, Time: 00:03:23

Health: 0/35       AC:  6    Str: 17    XL:     4   Next: 26%
Magic:  4/4        EV:  9    Int: 10    God:
Gold:   80         SH:  0    Dex: 12    Spells: 3/3 levels left

rFire    . . .     SeeInvis .   a - +0 long sword
rCold    . . .     Faith    .   (no shield)
rNeg     . . .     Spirit   .   b - +0 scale mail
rPois    .         Reflect  .   (helmet restricted)
rElec    .         Harm     .   (no cloak)
rCorr    .         Rampage  .   (no gloves)
MR       .....                  (no boots)
Stlth    ..........             (no amulet)
HPRegen  0.11/turn              (no ring)
MPRegen  0.09/turn              (no ring)

@: flying
A: antennae 1, powered by death 1
a: no special abilities


You were on level 2 of the Dungeon.
You visited 1 branch of the dungeon, and saw 2 of its levels.

You collected 80 gold pieces.

Inventory:

Hand Weapons
 a - a +0 long sword (weapon)
 g - a +0 antimagic halberd
Armour
 b - a +0 scale mail (worn)
Scrolls
 c - 2 scrolls of teleportation {unknown}
 e - 5 scrolls of identify {unknown}
 h - a scroll of remove curse {unknown}
Potions
 d - a potion of might
 f - a potion of curing {unknown}
 i - a potion of invisibility {unknown}
 j - a potion of brilliance {unknown}


   Skills:
 + Level 3.5 Fighting
 + Level 2.8 Long Blades
 + Level 3.4 Armour
 + Level 0.8 Dodging
   Level 2.6 Shields


You had 3 spell levels left.
You didn't know any spells.
Your spell library was empty.

Dungeon Overview and Level Annotations

Branches:
Dungeon (2/15)

Altars:


Innate Abilities, Weirdness & Mutations

You have a pair of small antennae on your head.
You regenerate a little health from kills.


Message History

The gnoll barely misses you. The quokka barely misses you.
The gnoll hits you but does no damage.
The gnoll hits you from afar with a +0 spear.
* * * LOW HITPOINT WARNING * * *
The gnoll hits you from afar with a +0 spear.
* * * LOW HITPOINT WARNING * * *
You see here a +0 antimagic halberd.
g - a +0 antimagic halberd The quokka bites you.
* * * LOW HITPOINT WARNING * * *
The quokka barely misses you. The quokka bites you.
* * * LOW HITPOINT WARNING * * *
The quokka barely misses you. The quokka bites you.
* * * LOW HITPOINT WARNING * * *
You hit the quokka but do no damage.
The quokka bites you but does no damage.
The quokka bites you.
You die...

### ..# #.# #.# #.# #.#
######.######################
........#...(...@rgg.g......#
.#####......###############.#
# .#####..###g## #.# .⌠
........# #..# #.##..#
######..###.g# #g....#
..........<..# #.#####
#.........##.# #g.....
#.#####.####g##### ##.#####
#.# #.....#....# ###......#


You could see 3 gnolls and a quokka.

Vanquished Creatures
  A howler monkey (D:2)
  A gnoll (D:2)
  An adder (D:2)
  2 worms (D:2)
  2 leopard geckos (D:2)
  4 bats
  A giant cockroach (D:2)
  A goblin (D:2)
  4 hobgoblins
  4 frilled lizards
  2 kobolds
  2 rats (D:2)
25 creatures vanquished.

Notes
Turn   | Place    | Note
-------+----------+-------------------------------------------
     0 | D:1      | Nubsawce the Demonspawn Fighter began the quest for the
                  | Orb.
     0 | D:1      | Reached XP level 1. HP: 18/18 MP: 1/1
   878 | D:2      | Gained mutation: You regenerate a little health from kills.
                  | [demonic ancestry]
   878 | D:2      | Reached XP level 2. HP: 20/24 MP: 2/2
  1179 | D:2      | Noticed a howler monkey
  1198 | D:2      | Reached XP level 3. HP: 29/29 MP: 3/3
  1208 | D:2      | Gained mutation: You have a pair of small antennae on your
                  | head. [demonic ancestry]
  1208 | D:2      | Reached XP level 4. HP: 28/35 MP: 4/4
  1215 | D:2      | HP: 1/35 [gnoll/+0 antimagic halberd (12)]
  1277 | D:2      | HP: 1/35 [quokka (2)]
  1290 | D:2      | Slain by a quokka

Illustrated notes

Levels and vault maps discovered:
D:1:      evilmike_arrival_crescent, layout_basic
D:2:      layout_loops_ring, riverfiend_overflow_shadow_ancestor,
          xom_redecorated

Skill      XL: |  1  2 |
---------------+-------+-----
Long Blades    | 2 |  2.8
Armour         | 3 |  3.4
Fighting       | |  3.5
Dodging        | |  0.8
Shields        | |  2.6

Action                   |  1- 3 |  4- 6 || total
-------------------------+-------+-------++-------
Melee: Long sword        |    60 |     8 ||    68
  Use: Potion            |       |     1 ||     1
Armor: Scale mail        |    25 |     6 ||    31
Dodge: Dodged            |    32 |    12 ||    44
       Rpst.: Long sword |     7 |     1 ||     8

Table legend: (Time is in decaauts)
 A = Elapsed time spent in this place.
 B = Non-inter-level travel time spent in this place.
 C = Inter-level travel time spent in this place.
 D = Time resting spent in this place.
 E = Time spent auto-exploring this place.
 F = Levels seen in this place.
 G = Mean time per level.
                   A        B        C        D        E       F      G
               +--------+--------+--------+--------+--------+-----+--------+
         Total |   1309 |   1309 |      0 |    149 |    876 |   2 |  654.5 |
       Dungeon |   1309 |   1309 |      0 |    149 |    876 |   2 |  654.5 |
               +--------+--------+--------+--------+--------+-----+--------+

Top non-repeatable levels by time:
     D:1: 781 daAuts
     D:2: 527 daAuts
